 Dungeon Crawl Stone Soup version 0.29-a0-397-g846e4a0bbc (webtiles) character file.

Game seed: 15084696933282421298

275 avis the Ruffian (level 6, 0/51 HPs)
             Began as a Hill Orc Transmuter on May 11, 2022.
             Was an Initiate of Beogh.
             Slain by a water moccasin (7 damage)
             ... on level 4 of the Dungeon.
             The game lasted 00:19:17 (3739 turns).

avis the Ruffian (Hill Orc Transmuter)              Turns: 3739, Time: 00:19:18

Health: 0/51       AC: 10    Str: 13    XL:     6   Next: 25%
Magic:  8/8        EV:  5    Int: 15    God:    Beogh [......]
Gold:   209        SH:  0    Dex: 11    Spells: 4/8 levels left

rFire   . . .      SeeInvis .   a - +1 war axe (vamp)
rCold   . . .      Faith    .   (no shield)
rNeg    . . .      Spirit   .   x - +0 chain mail
rPois   .          Reflect  .   t - +0 helmet
rElec   .          Harm     .   B - +0 cloak
rCorr   .          Rampage  .   (no gloves)
Will    .....                   (no boots)
Stlth   ..........              (no amulet)
HPRegen 0.17/turn               (no ring)
MPRegen 0.11/turn               (no ring)

@: lethally poisoned (0 -> -6), invisible
A: no striking features
a: Renounce Religion


You were on level 4 of the Dungeon.
You worshipped Beogh.
Beogh was noncommittal.
You visited 2 branches of the dungeon, and saw 6 of its levels.

You collected 209 gold pieces.

Inventory:

Hand Weapons
 a - a +1 vampiric war axe (weapon)
 d - a +2 flail of protection
 h - the +12 dagger "Transmigrator" {chaos, *Slow rF+ rC++}
   (You found it on level 4 of the Dungeon)

   Each time it hits an enemy it has a different, random effect.
   rF:        It protects you from fire.
   rC:        It greatly protects you from cold.
   *Slow:     It may slow you when you take damage.
 w - a +2 whip of venom
 z - a +0 lajatang
Missiles
 j - 6 poisoned darts
 E - a throwing net
Armour
 t - a +0 helmet (worn)
 x - a +0 chain mail (worn)
 A - a +0 plate armour
 B - a +0 cloak (worn)
 I - a +0 kite shield
Jewellery
 o - a ring of flight
Scrolls
 c - 3 scrolls of fear {unknown}
 e - 2 scrolls of enchant armour {unknown}
 f - a scroll of enchant weapon {unknown}
 g - a scroll of amnesia {unknown}
 k - 4 scrolls of identify {unknown}
 l - a scroll of blinking {unknown}
 m - a scroll of summoning {unknown}
 q - 2 scrolls of teleportation {unknown}
 r - a scroll of vulnerability {unknown}
 s - a scroll of poison {unknown}
 u - 3 scrolls of brand weapon {unknown}
 H - a scroll of torment {unknown}
Potions
 b - 3 potions of lignification
 i - a potion of heal wounds {unknown}
 n - 3 potions of might {unknown}
 p - a potion of brilliance {unknown}
 v - 2 potions of invisibility
 y - a potion of mutation {unknown}


   Skills:
 + Level 3.0 Fighting
 * Level 4.7 Axes
 - Level 1.5 Dodging
 - Level 5.0 Unarmed Combat
 - Level 1.5 Spellcasting
 - Level 2.0 Transmutations
 - Level 0.5 Poison Magic


You had 4 spell levels left.
You knew the following spells:

 Your Spells              Type           Power      Damage    Failure   Level
a - Beastly Appendage     Tmut           14%        N/A       98%         1
p - Spider Form           Tmut/Pois      4%         N/A       100%        3

Your spell library contained the following spells:

 Spells                   Type           Power      Damage    Failure   Level
 Wereblood                Tmut           7%         N/A       99%         2
 Shock                    Conj/Air       4%         1d3       100%        1
 Summon Small Mammal      Summ           4%         N/A       100%        1
 Ensorcelled Hibernation  Hex/Ice        2%         N/A       100%        2
 Call Canine Familiar     Summ           1%         N/A       100%        3
 Summon Guardian Golem    Hex/Summ       1%         N/A       100%        3
 Swiftness                Air            1%         N/A       100%        3
 Airstrike                Air            0%         N/A       100%        4
 Anguish                  Hex/Necr       0%         N/A       100%        4
 Ice Form                 Ice/Tmut       4%         N/A       100%        4


Dungeon Overview and Level Annotations

Branches:
Dungeon (5/15)             Temple (1/1) D:4

Altars:
Fedhas

Shops:
D:2 (


Message History

There is a stone staircase leading up here.
The water moccasin bites you but does no damage.
The necrophage completely misses you. The water moccasin bites you!
You are poisoned.
The water moccasin poisons you!
You climb upwards.
You feel very sick.
There is a stone staircase leading down here.
You feel sick.
The necrophage attacks as you move away!
The necrophage hits you but does no damage.
The water moccasin attacks as you move away!
The water moccasin bites you!
You feel sick. The water moccasin barely misses you.
You feel sick.
You closely miss the water moccasin.
You feel sick. The water moccasin bites you.
You are more poisoned.
The water moccasin poisons you! The water moccasin barely misses you.
You miss the water moccasin.
You feel very sick.
The water moccasin bites you but does no damage.
The water moccasin closely misses you.
You closely miss the water moccasin.
You feel very sick.
The water moccasin bites you but does no damage.
Really quaff the potion of lignification? [Y]es or [N]o only, please.
Really quaff the potion of lignification?
Okay, then.
You barely miss the water moccasin.
You feel very sick. The water moccasin bites you!
* * * LOW HITPOINT WARNING * * *
The water moccasin bites you but does no damage.
It was a potion of invisibility.
You fade into invisibility!
* * * LOW HITPOINT WARNING * * *
You feel sick. The water moccasin bites you!
You die...

######## #......#
#......#############
#......##..........#
#......##..........#
#......##..........#
#....>nS@..........# ##
#......##.###.###.## ###.
#####.###.##..# #.# #...
#.###....## #.####.##
#..####..####.##...##
###.####.......#..####
#.........[......รท....
#########..........#....))##.#
#...........[............<##.#


You could see a water moccasin (can't see you) and a necrophage (can't see you).

Vanquished Creatures
  A phantom (D:4)
  A hound (D:5)
  3 gnolls
  6 adders
  A worm (D:2)
  3 dart slugs
  6 orcs
  10 endoplasms
  3 giant cockroaches
  3 goblins
  8 hobgoblins
  8 jackals
  4 quokkas
  6 bats
  2 frilled lizards
  3 kobolds
  7 rats
75 creatures vanquished.

Vanquished Creatures (others)
  An orc (D:4)
  A ball python (D:4)
  A goblin (D:4)
  A plant (D:4)
4 creatures vanquished.

Grand Total: 79 creatures vanquished

Notes
Turn   | Place    | Note
-------+----------+-------------------------------------------
     0 | D:1      | avis the Hill Orc Transmuter began the quest for the Orb.
     0 | D:1      | Reached XP level 1. HP: 16/16 MP: 3/3
   211 | D:1      | Reached XP level 2. HP: 22/23 MP: 2/4
   648 | D:1      | Reached XP level 3. HP: 15/29 MP: 3/5
   649 | D:1      | Reached skill level 4 in Unarmed Combat
   825 | D:1      | Learned a level 3 spell: Spider Form
  1323 | D:2      | Found Laghanat's Antique Weapon Emporium.
  1610 | D:2      | Reached XP level 4. HP: 31/37 MP: 4/6
  2364 | D:3      | Found a blossoming altar of Fedhas.
  2745 | D:3      | Reached skill level 1 in Axes
  2745 | D:3      | Reached XP level 5. HP: 44/44 MP: 7/7
  2915 | D:3      | Reached skill level 5 in Unarmed Combat
  3015 | D:4      | Became a worshipper of Beogh the Brigand
  3054 | D:4      | Noticed a phantom
  3082 | D:4      | Killed a phantom
  3083 | D:4      | Reached XP level 6. HP: 29/50 MP: 8/8
  3247 | D:4      | Found a staircase to the Ecumenical Temple.
  3254 | Temple   | Entered the Ecumenical Temple
  3328 | D:4      | Identified the +12 dagger "Transmigrator" {chaos, *Slow rF+
                  | rC++}
  3627 | D:5      | Entered Level 5 of the Dungeon
  3729 | D:5      | Noticed a water moccasin
  3739 | D:4      | Slain by a water moccasin

Illustrated notes

Levels and vault maps discovered:
D:1:      ncdulo_wetmaze, layout_rooms, corexii_leaking_fountain, minmay_3d_cube
D:2:      layout_loops_ring, serial_shops, shop_statue, serial_forest,
          infiniplex_forest_lined_room_, infiniplex_forest_clump_diagonal,
          infiniplex_forest_straight_2, infiniplex_forest_zigzag_1
D:3:      layout_rooms, nicolae_overflow_hidden_temple, serial_corexii_hall,
          corexii_hall_statues_l, chequers_hall_statues_wall_a,
          chequers_hall_statues_y, corexii_hall_statues_deadend,
          corexii_hall_statues_l, corexii_hall_statues_l
D:4:      layout_rooms, minmay_temple_entry_gardened_gates
D:5:      layout_basic, minmay_shop_enchanted_jewellery,
          hangedman_decor_peaks_small, palyth_stone_intersect, st_stairs_13,
          uniq_sigmund
Temple:   mainiacjoe_temple_coin_purse

Skill      XL: |  1  2  3  4  5  6 |
---------------+-------------------+-----
Fighting       | 2 3 |  3.0
Unarmed Combat | 4 5 |  5.0
Transmutations | 2 |  2.0
Axes           | 1 4 |  4.7
Dodging        | |  1.5
Spellcasting   | |  1.5
Poison Magic   | |  0.5

Action                   |  1- 3 |  4- 6 || total
-------------------------+-------+-------++-------
Melee: Unarmed           |    92 |    55 ||   147
       Headbutt          |    13 |     7 ||    20
       Kick              |    13 |     9 ||    22
       Punch             |     1 |     4 ||     5
       War axe           |       |   121 ||   121
 Cast: Beastly Appendage |    27 |    12 ||    39
Invok: Convert to Beogh  |       |     1 ||     1
  Use: Potion            |       |     1 ||     1
Armor: Robe              |     1 |       ||     1
       Leather armour    |    18 |    14 ||    32
       Chain mail        |       |   111 ||   111
Dodge: Dodged            |    63 |    65 ||   128

Table legend: (Time is in decaauts)
 A = Elapsed time spent in this place.
 B = Non-inter-level travel time spent in this place.
 C = Inter-level travel time spent in this place.
 D = Time resting spent in this place.
 E = Time spent auto-exploring this place.
 F = Levels seen in this place.
 G = Mean time per level.
                   A        B        C        D        E       F      G
               +--------+--------+--------+--------+--------+-----+--------+
         Total |   3791 |   3516 |    275 |    658 |   1705 |   6 |  631.8 |
       Dungeon |   3780 |   3505 |    275 |    658 |   1705 |   5 |  756.0 |
        Temple |     10 |     10 |      0 |      0 |      0 |   1 |   10.0 |
               +--------+--------+--------+--------+--------+-----+--------+

Top non-repeatable levels by time:
     D:2: 1261 daAuts
     D:1: 978 daAuts
     D:3: 771 daAuts
     D:4: 704 daAuts
     D:5: 64 daAuts
  Temple: 10 daAuts
